 Dungeon Crawl Stone Soup version 0.31.0-11-ge490571c62 (webtiles) character file.

Game seed: 9188197357287114684

9 RancidPinata the Sneak (level 2, 0/21 HPs)
             Began as an Octopode Delver on Feb 2, 2024.
             Succumbed to an adder's poison
             ... on level 5 of the Dungeon.
             The game lasted 00:00:24 (27 turns).

RancidPinata the Sneak (Octopode Delver)              Turns: 27, Time: 00:00:25

Health: 0/21       AC:  1    Str: 11    XL:     2   Next: 12%
Magic:  2/2        EV: 13    Int: 12    God:
Gold:   12         SH:  0    Dex: 13    Spells: 1/1 levels left

rFire   . . .        a - +0 short sword
rCold   . . .        (no shield)
rNeg    . . .        (helmet restricted)
rPois   .            (no amulet)
rElec   .            (no ring)
rCorr   .            (no ring)
SInv    .            (no ring)
Will    .....        (no ring)
Stlth   ++++         (no ring)
HPRegen 0.23/turn    (no ring)
MPRegen 0.08/turn    (no ring)
                     (no ring)

%: no passive effects
@: lethally poisoned (0 -> -1)
A: almost no armour, amphibious, 8 rings, camouflage 1, gelatinous body 1,
(nimble swimmer 1), tentacles
a: no special abilities


You were on level 5 of the Dungeon.
You visited 1 branch of the dungeon, and saw 2 of its levels.

You collected 12 gold pieces.

Inventory:

Hand Weapons
 a - a +0 short sword (weapon)
Wands
 f - a wand of digging (3)
Scrolls
 b - a scroll of fog
 c - a scroll of revelation
 d - a scroll of fear
Potions
 e - a potion of haste


   Skills:
 * Level 3.1 Fighting
 + Level 2.1 Short Blades
 * Level 2.2 Dodging
 * Level 6.8 Stealth


You had one spell level left.
You didn't know any spells.
Your spell library was empty.

Dungeon Overview and Level Annotations

Branches:
Dungeon (6/15)
 Temple: D:4-7

Altars:
Nemelex Xobeh


Innate Abilities, Weirdness & Mutations

You cannot wear most types of armour.
You are amphibious.
You can wear up to eight rings at the same time.
Your skin changes colour to match your surroundings (Stealth+).
Your rubbery body absorbs attacks. (AC +1, EV +1)
((You are camouflaged when in or above water. (Stealth+)))
You have tentacles for arms and can constrict up to eight enemies at once.


Message History

Found 12 gold pieces.
Found a stone staircase leading down.
Found a stone staircase leading up.
You now have 12 gold pieces.
There is a stone staircase leading down here.
You climb downwards.
Found a tapered ivory wand.
Found a sparkling altar of Nemelex Xobeh.
There is a stone staircase leading up here.
You can't go down here!
You climb upwards.
There is a stone staircase leading down here.
An adder comes into view.
The adder bites you.
You barely miss the adder. Your grab misses the adder. The adder bites you.
You closely miss the adder. You grab the adder. You squeeze the adder.
The adder is lightly wounded.
You constrict the adder. The adder closely misses you.
You hit the adder but do no damage.
The adder is lightly wounded.
You constrict the adder. The adder closely misses you.
You hit the adder but do no damage.
The adder is moderately wounded.
You constrict the adder, but do no damage.
The adder closely misses you.
You hit the adder. Your squeeze misses the adder.
The adder is severely wounded.
You constrict the adder. The adder bites you. x2
* * * LOW HITPOINT WARNING * * *
You are lethally poisoned!
The adder poisons you!
You hit the adder.
You kill the adder!
* * * LOW HITPOINT WARNING * * *
You feel sick.
You have reached level 2!
* * * LOW HITPOINT WARNING * * *
You feel sick.
* * * LOW HITPOINT WARNING * * *
You feel sick.
You die...

.... .. ...
.....#.##+##..
.....#.#....#
............+
............#
............+
............# .# .
...........##..#.
.........@.###.#.##
.................. .
......####.###.#.# .#
...#.....#..##.#.#
...
.................#..#
.............>......#
...................#
...........#.##.#
................#


There were no monsters in sight!

Vanquished Creatures
  An adder (D:5)
1 creature vanquished.

Notes
Turn   | Place    | Note
-------+----------+-------------------------------------------
     0 | D:5      | RancidPinata the Octopode Delver began the quest for the
                  | Orb.
     0 | D:5      | Reached XP level 1. HP: 16/16 MP: 1/1
     8 | D:6      | Noticed a jelly
     8 | D:6      | Found a sparkling altar of Nemelex Xobeh.
    25 | D:5      | Reached XP level 2. HP: 3/21 MP: 2/2
    26 | D:5      | HP: 1/21 [poisoned by an adder]
    27 | D:5      | Succumbed to an adder's poison

Illustrated notes

Levels and vault maps discovered:
D:5:      layout_basic, uniq_eustachio
D:6:      layout_loops_ring, makhleb_blood_cavern_becter,
          mainiacjoe_overflow_catwalk, st_stairs_13, uniq_prince_ribbit1

Action                     || total
---------------------------++-------
  Melee: Short sword       ||     6
         Constrict         ||     1
         Tentacles         ||     1
 Armour: Skin              ||     4
  Dodge: Dodged            ||     3
